 Dungeon Crawl Stone Soup version 0.28-a0-620-g539b0f7ac7 (webtiles) character file.

Game seed: 11091073253185253989

3786 robertstho the Thaumaturge (level 10, -6/74 HPs)
             Began as a Gnoll Hedge Wizard on Oct 6, 2021.
             Was a Follower of Sif Muna.
             Hit by a boomerang thrown by an orc warrior (15 damage)
             ... on level 8 of the Dungeon.
             The game lasted 00:27:16 (12254 turns).

robertstho the Thaumaturge (Gnoll Hedge Wizard)    Turns: 12254, Time: 00:27:17

Health: -6/74      AC:  7    Str: 10    XL:     10   Next: 16%
Magic:  22/22      EV: 14    Int: 17    God:    Sif Muna [*.....]
Gold:   169        SH:  0    Dex: 11    Spells: 8/26 levels left

rFire   + . .      SeeInvis +   r - +1 trident (venom)
rCold   + . .      Faith    .   (no shield)
rNeg    . . .      Spirit   .   C - +0 steam dragon scales
rPois   .          Reflect  .   f - +0 helmet {SInv}
rElec   .          Harm     .   t - scarf {rC+ rF+}
rCorr   .          Rampage  .   (no gloves)
Will    ++...                   (no boots)
Stlth   +++.......              (no amulet)
HPRegen 0.22/turn               j - ring of willpower
MPRegen 0.18/turn               u - ring of willpower

@: lethally poisoned (-6 -> -12)
A: fangs 1, strong nose, distributed training
a: Renounce Religion, Channel Magic


You were on level 8 of the Dungeon.
You worshipped Sif Muna.
Sif Muna was aware of your devotion.
You visited 2 branches of the dungeon, and saw 9 of its levels.

You collected 262 gold pieces.
You spent 93 gold pieces at shops.

Inventory:

Hand Weapons
 r - a +1 trident of venom (weapon)
Armour
 f - a +0 helmet of see invisible (worn)
 t - a scarf of resistance (worn)
 C - +0 steam dragon scales (worn)
Jewellery
 j - a ring of willpower (left hand)
 u - a ring of willpower (right hand)
Wands
 m - a wand of digging (9)
 x - a wand of iceblast (9)
 y - a wand of flame (11)
 A - a wand of paralysis (7)
Scrolls
 d - a scroll of enchant weapon
 h - a scroll of summoning
 k - a scroll of silence
 l - 2 scrolls of magic mapping
 o - a scroll of torment {unknown}
 p - a scroll of brand weapon {unknown}
 q - a scroll of fog {unknown}
 v - 2 scrolls of teleportation
 w - a scroll of immolation
Potions
 c - a potion of lignification {unknown}
 e - a potion of resistance {unknown}
 g - 4 potions of curing {unknown}
 i - 3 potions of magic
 n - a potion of berserk rage {unknown}
 s - a potion of attraction {unknown}
 z - 3 potions of haste {unknown}
 B - 2 potions of heal wounds


   Skills:
 + Level 5.0 Fighting
 + Level 5.0 Short Blades
 + Level 5.0 Long Blades
 + Level 5.0 Axes
 + Level 5.0 Maces & Flails
 + Level 5.0 Polearms
 + Level 5.0 Staves
 + Level 5.0 Slings
 + Level 5.0 Bows
 + Level 5.0 Crossbows
 + Level 5.0 Throwing
 + Level 5.0 Armour
 + Level 6.8 Dodging
 + Level 6.6 Stealth
 + Level 5.0 Shields
 + Level 5.0 Unarmed Combat
 + Level 8.8 Spellcasting
 + Level 4.7 Conjurations
 + Level 4.1 Hexes
 + Level 4.7 Summonings
 + Level 4.1 Necromancy
 + Level 4.7 Translocations
 + Level 4.1 Transmutations
 + Level 4.1 Fire Magic
 + Level 4.1 Ice Magic
 + Level 4.1 Air Magic
 + Level 4.1 Earth Magic
 + Level 4.1 Poison Magic
 + Level 5.5 Invocations
 + Level 5.0 Evocations


You had 8 spell levels left.
You knew the following spells:

 Your Spells              Type           Power      Damage    Failure   Level
a - Magic Dart            Conj           92%        1d7       1%          1
b - Blink                 Tloc           N/A        N/A       1%          2
c - Call Imp              Summ           23%        N/A       1%          2
d - Slow                  Hex            21%        N/A       2%          2
e - Static Discharge      Conj/Air       22%        N/A       2%          2
f - Conjure Flame         Conj/Fire      22%        6-21      4%          3
g - Mephitic Cloud        Conj/Pois/Air  22%        N/A       4%          3
h - Summon Guardian Gole  Hex/Summ       22%        N/A       4%          3

Your spell library contained the following spells:

 Spells                   Type           Power      Damage    Failure   Level
 Portal Projectile        Hex/Tloc       44%        N/A       4%          3
 Lightning Bolt           Conj/Air       11%        1d24      41%         5
 Blade Hands              Tmut           10%        N/A       43%         5
 Excruciating Wounds      Necr           10%        N/A       43%         5
 Orb of Destruction       Conj           11%        9d5       100%        7
 Spellforged Servitor     Conj/Summ      11%        N/A       100%        7
 Maxwell's Capacitive Co  Air            10%        ∞         100%        8


Dungeon Overview and Level Annotations

Branches:
Dungeon (8/15)             Temple (1/1) D:6
   Lair: D:8-11

Altars:
Ashenzari
Cheibriados
Dithmenos
Fedhas
Gozag
Hepliaklqana
Makhleb
Nemelex Xobeh
Okawaru
Ru
Sif Muna
Trog
Uskayaw
Vehumet
Wu Jian
Xom
Yredelemnul
Zin
The Shining One

Shops:
D:1 ?   D:4 ?(*

Annotations:
D:2 Sigmund


Innate Abilities, Weirdness & Mutations

You have very sharp teeth.
Your uncanny sense of smell can sniff out nearby items.
Your experience applies equally to all skills.


Message History

You closely miss the orc warrior. Your bite misses the orc warrior.
The orc warrior is moderately wounded.
The orc hits you with a +0 hand axe.
The orc warrior hits you but does no damage.
You barely miss the orc warrior.
The orc warrior is heavily wounded.
The orc hits you with a +0 hand axe.
The orc warrior hits you but does no damage.
You hit the orc warrior but do no damage.
The orc warrior looks as sick as possible!
The orc warrior is heavily wounded.
The orc barely misses you.
The orc warrior hits you with a +0 flail.
The orc hits you with a +0 flail.
You hit the orc warrior but do no damage.
The orc warrior looks as sick as possible!
The orc warrior is severely wounded.
The orc misses you. The orc hits you with a +0 flail.
The orc warrior barely misses you. The orc hits you with a +0 hand axe.
You are too injured to fight recklessly!
You are too injured to fight recklessly!
You are too injured to fight recklessly!
You hit the orc.
The orc is poisoned.
The orc is moderately wounded.
The orc hits you with a +0 flail.
The orc warrior hits you with a +0 flail.
The orc barely misses you.
You closely miss the orc. The orc hits you with a +0 flail.
The orc warrior hits you with a +0 flail!
* * * LOW HITPOINT WARNING * * *
The orc hits you with a +0 hand axe.
* * * LOW HITPOINT WARNING * * *
You kill the orc!
Sif Muna accepts your kill.
The orc throws a poisoned dart.
The poisoned dart closely misses you.
The orc warrior throws a boomerang.
The boomerang closely misses you.
The orc throws a poisoned dart.
The poisoned dart hits you!
You are poisoned.
The orc warrior throws a boomerang.
The boomerang hits you!
You die...

#.#... .# ..#..
... #.).##..#
#...#....
#.......#
#<......#
#........
##........
##.@....^.#
##.......#..
...#....##..# .
......oo.#.##
.......)...#
............#
.............#
.............#
...............


You could see an orc warrior (very poisoned) and an orc.

Vanquished Creatures
  A water moccasin (D:5)
  2 sky beasts
  A black bear (D:5)
  5 necrophages
  An ogre (D:6)
  2 bullfrogs
  A water moccasin skeleton (D:5)
  2 wights (D:7)
  A centaur zombie (D:7)
  2 hounds
  A jelly (D:8)
  5 orc priests
  A centaur skeleton (D:6)
  Ijyb (D:3)
  Natasha (twice) (D:2)
  6 iguanas
  2 orc wizards (D:6)
  A killer bee zombie (D:5)
  2 hound skeletons (D:4)
  8 gnolls
  2 howler monkey skeletons
  9 adders
  A shadow imp (D:6)
  An adder skeleton (D:4)
  5 worms
  20 orcs
  6 endoplasms
  A giant cockroach (D:1)
  7 goblins
  11 hobgoblins
  6 jackals (D:1)
  8 quokkas
  9 ball pythons
  5 bats
  4 frilled lizards
  4 kobolds
  12 rats
158 creatures vanquished.

Vanquished Creatures (collateral kills)
  An orc wizard (D:6)
  An orc (D:6)
  A jackal (D:1)
  A rat (D:1)
4 creatures vanquished.

Vanquished Creatures (others)
  A two-headed ogre (D:8)
  A gargoyle (D:8)
  A wyvern (D:7)
  A steam dragon (D:7)
  An orc warrior (D:6)
  A hornet zombie (D:7)
  A sky beast (D:7)
  An ogre (D:6)
  A necrophage (D:7)
  A bullfrog (D:7)
  A water moccasin zombie (D:7)
  A howler monkey (D:8)
  A mummy (D:7)
  4 withered plants (D:7)
17 creatures vanquished.

Grand Total: 179 creatures vanquished

Notes
Turn   | Place    | Note
-------+----------+-------------------------------------------
     0 | D:1      | robertstho the Gnoll Hedge Wizard began the quest for the
                  | Orb.
     0 | D:1      | Reached XP level 1. HP: 13/13 MP: 8/8
   304 | D:1      | Reached XP level 2. HP: 14/19 MP: 6/10
   544 | D:1      | Learned a level 2 spell: Blink
   547 | D:1      | Learned a level 2 spell: Call Imp
   552 | D:1      | Learned a level 2 spell: Slow
  1038 | D:1      | Reached XP level 3. HP: 25/25 MP: 5/11
  1126 | D:1      | Found Repy's Magic Scroll Emporium.
  1222 | D:1      | Found a faded altar of an unknown god.
  1291 | D:1      | Learned a level 2 spell: Static Discharge
  1295 | D:1      | Learned a level 3 spell: Conjure Flame
  1299 | D:1      | Learned a level 3 spell: Mephitic Cloud
  1562 | D:2      | Reached skill level 1 in Invocations
  1659 | D:2      | Noticed Sigmund
  1950 | D:2      | Reached skill level 1 in Fighting
  1950 | D:2      | Reached skill level 1 in Short Blades
  1950 | D:2      | Reached skill level 1 in Long Blades
  1950 | D:2      | Reached skill level 1 in Axes
  1950 | D:2      | Reached skill level 1 in Maces & Flails
  1950 | D:2      | Reached skill level 1 in Polearms
  1950 | D:2      | Reached skill level 1 in Staves
  1950 | D:2      | Reached skill level 1 in Slings
  1950 | D:2      | Reached skill level 1 in Bows
  1950 | D:2      | Reached skill level 1 in Crossbows
  1950 | D:2      | Reached skill level 1 in Throwing
  1950 | D:2      | Reached skill level 1 in Armour
  1950 | D:2      | Reached skill level 1 in Shields
  1950 | D:2      | Reached skill level 1 in Unarmed Combat
  1950 | D:2      | Reached skill level 1 in Evocations
  2171 | D:2      | Reached XP level 4. HP: 28/32 MP: 3/13
  2550 | D:2      | Reached skill level 1 in Hexes
  2550 | D:2      | Reached skill level 1 in Necromancy
  2550 | D:2      | Reached skill level 1 in Transmutations
  2550 | D:2      | Reached skill level 1 in Fire Magic
  2550 | D:2      | Reached skill level 1 in Ice Magic
  2550 | D:2      | Reached skill level 1 in Air Magic
  2550 | D:2      | Reached skill level 1 in Earth Magic
  2550 | D:2      | Reached skill level 1 in Poison Magic
  2971 | D:2      | Noticed Natasha
  2977 | D:2      | Killed Natasha
  2978 | D:2      | Reached XP level 5. HP: 25/37 MP: 5/14
  3546 | D:2      | Noticed Natasha
  3558 | D:2      | Killed Natasha
  4007 | D:3      | Noticed Ijyb
  4009 | D:3      | Noticed a moth of wrath
  4014 | D:3      | Killed Ijyb
  4596 | D:3      | Reached XP level 6. HP: 44/44 MP: 6/16
  4836 | D:3      | Reached skill level 5 in Dodging
  5490 | D:3      | Found a basalt altar of Yredelemnul.
  5490 | D:3      | Found a shimmering altar of Xom.
  5490 | D:3      | Found a hide-covered altar of Uskayaw.
  5594 | D:3      | Found a bloodstained altar of Trog.
  5833 | D:4      | Found Xyuv's Magic Scroll Emporium.
  5863 | D:4      | Bought a scroll of teleportation for 33 gold pieces
  5863 | D:4      | Bought a scroll of identify for 22 gold pieces
  5863 | D:4      | Bought a scroll of immolation for 38 gold pieces
  5885 | D:4      | Found Lirojaf's Weapon Boutique.
  5932 | D:4      | Identified a scroll of acquirement
  5934 | D:4      | Acquired a +0 helmet of see invisible
  6083 | D:4      | Found Xoonwah's General Store.
  6201 | D:4      | Found an ornate altar of the Wu Jian Council.
  6202 | D:4      | Noticed a necrophage
  6217 | D:4      | Killed a necrophage
  6218 | D:4      | Reached XP level 7. HP: 26/50 MP: 11/18
  6368 | D:4      | Found a snail-covered altar of Cheibriados.
  6372 | D:4      | Found an opulent altar of Gozag.
  6597 | D:5      | Entered Level 5 of the Dungeon
  6991 | D:5      | Reached skill level 5 in Stealth
  7313 | D:5      | Reached XP level 8. HP: 39/57 MP: 14/19
  8431 | D:6      | HP: 1/58 [orc wizard/puff of flame (5)]
  8851 | D:6      | Learned a level 3 spell: Summon Guardian Golem
  8863 | D:6      | Found a staircase to the Ecumenical Temple.
  8885 | Temple   | Entered the Ecumenical Temple
  9078 | Temple   | Became a worshipper of Sif Muna the Loreminder
  9750 | D:6      | Reached skill level 8 in Spellcasting
 10597 | D:7      | Noticed a wyvern
 10618 | D:7      | Reached XP level 9. HP: 48/65 MP: 21/21
 11585 | D:7      | Reached skill level 5 in Invocations
 11959 | D:8      | Noticed a gargoyle
 11968 | D:8      | Killed a gargoyle
 11977 | D:8      | Noticed a two-headed ogre
 11982 | D:8      | Killed a two-headed ogre
 11982 | D:8      | Reached * piety under Sif Muna
 11983 | D:8      | Reached skill level 5 in Fighting
 11983 | D:8      | Reached skill level 5 in Short Blades
 11983 | D:8      | Reached skill level 5 in Long Blades
 11983 | D:8      | Reached skill level 5 in Axes
 11983 | D:8      | Reached skill level 5 in Maces & Flails
 11983 | D:8      | Reached skill level 5 in Polearms
 11983 | D:8      | Reached skill level 5 in Staves
 11983 | D:8      | Reached skill level 5 in Slings
 11983 | D:8      | Reached skill level 5 in Bows
 11983 | D:8      | Reached skill level 5 in Crossbows
 11983 | D:8      | Reached skill level 5 in Throwing
 11983 | D:8      | Reached skill level 5 in Armour
 11983 | D:8      | Reached skill level 5 in Shields
 11983 | D:8      | Reached skill level 5 in Unarmed Combat
 11983 | D:8      | Reached skill level 5 in Evocations
 11983 | D:8      | Reached XP level 10. HP: 29/74 MP: 18/22
 12254 | D:8      | Hit by a boomerang thrown by an orc warrior

Illustrated notes

Levels and vault maps discovered:
D:1:      minmay_arrival_solitary_statue, layout_basic,
          ebering_ecumenical_altar_box, serial_shops, shop, minmay_pentomino_o2
D:2:      minmay_evil_eye, layout_loops_ring, uniq_natasha, uniq_sigmund
D:3:      layout_basic, tgw_trog, gammafunk_temple_overflow_claw, uniq_ijyb
D:4:      layout_basic, minmay_overflow_temple_star_quad, serial_shops,
          nicolae_stop_n_shop_2, nicolae_shop_waterfront, shop, shop
D:5:      layout_cave_pods
D:6:      layout_gridville, minmay_temple_entry_stoned_glass
D:7:      layout_loops_cross, serial_undead, serial_undead_f, serial_undead_f,
          serial_undead_d, serial_undead_e
D:8:      layout_cave_pools, nicolae_qazlal_eye_of_the_storm,
          gammafunk_ghost_berserking_beasts, minmay_misc_feat_doors,
          kennysheep_doodads
Temple:   minmay_temple_bridge_abc

Skill      XL: |  1  2  3  4  5  6  7  8  9 |
---------------+----------------------------+-----
Conjurations   | 2 3 4 |  4.7
Summonings     | 2 3 4 |  4.7
Translocations | 2 3 4 |  4.7
Invocations    | 1 2 3 4 5 |  5.5
Fighting       | 1 2 3 5 |  5.0
Short Blades   | 1 2 3 5 |  5.0
Long Blades    | 1 2 3 5 |  5.0
Axes           | 1 2 3 5 |  5.0
Maces & Flails | 1 2 3 5 |  5.0
Polearms       | 1 2 3 5 |  5.0
Staves         | 1 2 3 5 |  5.0
Slings         | 1 2 3 5 |  5.0
Bows           | 1 2 3 5 |  5.0
Crossbows      | 1 2 3 5 |  5.0
Throwing       | 1 2 3 5 |  5.0
Armour         | 1 2 3 5 |  5.0
Shields        | 1 2 3 5 |  5.0
Unarmed Combat | 1 2 3 5 |  5.0
Evocations     | 1 2 3 5 |  5.0
Hexes          | 1 2 3 4 |  4.1
Necromancy     | 1 2 3 4 |  4.1
Transmutations | 1 2 3 4 |  4.1
Fire Magic     | 1 2 3 4 |  4.1
Ice Magic      | 1 2 3 4 |  4.1
Air Magic      | 1 2 3 4 |  4.1
Earth Magic    | 1 2 3 4 |  4.1
Poison Magic   | 1 2 3 4 |  4.1
Dodging        | 5 6 |  6.8
Stealth        | 5 6 |  6.6
Spellcasting   | 8 |  8.8

Action                   |  1- 3 |  4- 6 |  7- 9 | 10-12 || total
-------------------------+-------+-------+-------+-------++-------
Melee: Dagger            |    24 |    54 |       |       ||    78
       Pseudopods        |     4 |    13 |    17 |     1 ||    35
       Trident           |       |    75 |   198 |    13 ||   286
       Bite              |       |     1 |       |       ||     1
 Cast: Magic Dart        |   112 |    20 |    24 |       ||   156
       Call Imp          |     1 |     2 |     2 |       ||     5
       Static Discharge  |     4 |    61 |     9 |       ||    74
       Mephitic Cloud    |     1 |     8 |     3 |       ||    12
       Summon Guardian G |       |       |    23 |     1 ||    24
       Blink             |       |       |     1 |       ||     1
  Use: Potion            |       |     1 |     1 |       ||     2
       Scroll            |       |     5 |     3 |       ||     8
 Stab: Sleeping          |     1 |     9 |     4 |       ||    14
       Confused          |       |     1 |       |       ||     1
       Distracted        |       |       |     1 |       ||     1
Armor: Robe              |    11 |    12 |    34 |       ||    57
       Steam dragon scal |       |       |     2 |     3 ||     5
Dodge: Dodged            |    66 |   103 |   166 |    11 ||   346

Table legend: (Time is in decaauts)
 A = Elapsed time spent in this place.
 B = Non-inter-level travel time spent in this place.
 C = Inter-level travel time spent in this place.
 D = Time resting spent in this place.
 E = Time spent auto-exploring this place.
 F = Levels seen in this place.
 G = Mean time per level.
                   A        B        C        D        E       F      G
               +--------+--------+--------+--------+--------+-----+--------+
         Total |  12300 |  12037 |    263 |   2400 |   7594 |   9 | 1366.7 |
       Dungeon |  12086 |  11844 |    242 |   2400 |   7414 |   8 | 1510.8 |
        Temple |    214 |    193 |     21 |      0 |    180 |   1 |  214.0 |
               +--------+--------+--------+--------+--------+-----+--------+

Top non-repeatable levels by time:
     D:5: 2584 daAuts
     D:2: 2111 daAuts
     D:1: 2047 daAuts
     D:3: 1668 daAuts
     D:7: 1648 daAuts
     D:6: 1177 daAuts
     D:4: 786 daAuts
  Temple: 214 daAuts
     D:8: 61 daAuts
